Map: Thunderbird LE

Players

Ziggy

  • Race: Terran Terran
  • Spawn Location: 5:00

puCK (Nina) - Winner!

  • Race: Protoss Protoss
  • Spawn Location: 11:00

VOD

Have the link to the VOD?

Description

Time

  • Played on: Sept. 6, 2019, 5:08 p.m.
  • Length: 6:07
Show
View Real Time Build Order
Export as new Build Order

Ziggy Terran 

Build Orders: 2 Factory, Gas First Reaper Expand 

Get SALT Encoding   

  12  0:00  SCV  
  13  0:12  SCV  
  14  0:17  Supply Depot  
  14  0:25  SCV  
  15  0:30  Refinery  
  15  0:38  SCV  
  16  0:44  Barracks  
  16  0:50  SCV  
  17  1:02  SCV  
  18  1:14  SCV  
  19  1:32  Orbital Command, Reaper  
  20  1:36  Engineering Bay  
  20  1:49  Command Center  
  20  1:58  SCV  
  21  2:05  Barracks Reactor  
  21  2:08  Factory  
  21  2:12  SCV  
  22  2:17  Refinery  
  22  2:24  Supply Depot  
  22  2:27  SCV  
  23  2:46  Factory, SCV, Marine x2  
  28  2:51  Widow Mine  
  28  2:58  SCV  
  29  3:03  Marine x2  
  30  3:15  Factory Tech Lab  
  30  3:19  SCV  
  30  3:21  Marine  
  31  3:32  Marine  
  32  3:36  Factory Tech Lab  
  32  3:39  Marine  
  33  3:43  Cyclone  
  36  3:50  Marine  
  36  3:55  Supply Depot, Orbital Command  
  37  3:57  Marine  
  37  3:58  Cyclone  
  41  4:07  Marine  
  42  4:15  Marine  
  42  4:16  Cyclone  
  46  4:22  SCV x2  
  48  4:25  Marine  
  48  4:30  Siege Tank  
  52  4:34  Marine  
  54  4:42  Supply Depot  
  54  4:43  Marine  
  54  5:04  Siege Tank  
  54  5:05  Marine x2  
  55  5:12  Siege Tank  
  56  5:23  Marine x2  
  56  5:25  Supply Depot  
  55  5:36  Widow Mine  
  55  5:41  Marine x2  
Show
View Real Time Build Order
Export as new Build Order

puCK Protoss - Winner!

Build Orders: Blink Stalkers 

Get SALT Encoding   

  12  0:00  Probe  
  13  0:12  Probe  
  14  0:19  Pylon  
  14  0:25  Probe  
  15  0:33  Probe  
  15  0:39  Gateway  
  15  0:41  Probe  
  16  0:47  Assimilator  
  17  0:51  Probe  
  18  1:03  Probe  
  19  1:16  Probe  
  20  1:27  Cybernetics Core  
  20  1:37  Probe  
  21  1:41  Pylon  
  21  1:47  Nexus  
  21  1:49  Probe  
  21  1:52  Assimilator  
  21  1:53  Adept  
  22  2:01  Probe  
  25  2:13  Probe  
  26  2:16  Warp Gate, Sentry  
  26  2:26  Probe  
  29  2:38  Probe  
  29  2:42  Twilight Council  
  30  2:50  Probe  
  31  2:58  Stalker  
  31  2:59  Probe  
  31  3:02  Probe  
  31  3:05  Gateway  
  35  3:07  Gateway  
  35  3:11  Blink  
  35  3:13  Probe  
  35  3:14  Probe  
  37  3:25  Probe  
  37  3:26  Probe  
  35  3:42  Probe  
  35  3:45  Probe  
  37  3:54  Probe  
  36  3:55  Probe  
  36  3:59  Pylon  
  38  4:05  Stalker  
  38  4:06  Probe, Stalker x2  
  38  4:08  Probe  
  45  4:12  Phoenix  
  45  4:14  Pylon  
  45  4:16  Probe  
  46  4:18  Probe  
  46  4:21  Robotics Facility  
  48  4:25  Gateway  
  48  4:31  Probe  
  48  4:32  Stalker  
  48  4:35  Stalker  
  53  4:39  Probe  
  53  4:43  Probe  
  53  4:44  Gateway  
  55  4:47  Pylon  
  55  4:52  Stalker  
  57  4:58  Stalker  
  59  5:03  Stalker  
  59  5:06  Probe  
  60  5:08  Probe  
  60  5:09  Shield Battery  
  61  5:18  Probe  
  61  5:20  Stalker x2  
  64  5:23  Assimilator  
  64  5:27  Pylon  
  64  5:28  Zealot x2  
  66  5:39  Zealot  
  66  5:41  Probe  
  69  5:43  Pylon  
  69  5:46  Zealot x2  
  69  5:49  Zealot  
  61  6:06  Stalker x3  
  61  6:07  Stalker  
Tags
 
Add a new tag
Caveats
  • Supply blocks, unpowered buildings, or Contaminate may cause inaccurate times.
  • Supply counts are checked every 10 seconds.